 Dungeon Crawl Stone Soup version 0.31-a0-983-g7b6862f502 (webtiles) character file.

Game seed: 6400793432809193969

77 p00ps00p the Trooper (level 4, -1/41 HPs)
             Began as a Hill Orc Fighter on Nov 3, 2023.
             Killed from afar by an orc wizard (9 damage)
             ... with a magic dart
             ... on level 3 of the Dungeon.
             The game lasted 00:02:28 (1956 turns).

p00ps00p the Trooper (Hill Orc Fighter)             Turns: 1956, Time: 00:02:29

Health: -1/41      AC:  7    Str: 20    XL:     4   Next: 34%
Magic:  4/4        EV:  9    Int:  8    God:
Gold:   111        SH:  4    Dex: 10    Spells: 3/3 levels left

rFire   . . .        a - +0 war axe
rCold   . . .        c - +0 buckler
rNeg    . . .        b - +0 scale mail
rPois   .            (no helmet)
rElec   .            (no cloak)
rCorr   .            (no gloves)
SInv    .            (no boots)
Will    .....        (no amulet) Stlth
                     (no ring)
HPRegen 0.26/turn    (no ring)
MPRegen 0.09/turn

%: no passive effects
@: no status effects
A: no striking features
a: no special abilities


You were on level 3 of the Dungeon.
You visited 1 branch of the dungeon, and saw 3 of its levels.

You collected 111 gold pieces.

Inventory:

Hand Weapons
 a - a +0 war axe (weapon)
Missiles
 j - 3 poisoned darts (quivered)
Armour
 b - a +0 scale mail (worn)
 c - a +0 buckler (worn)
Scrolls
 g - a scroll of identify
 i - a scroll of acquirement {unknown}
Potions
 d - 2 potions of might
 e - a potion of haste
 f - a potion of brilliance
 h - a potion of heal wounds {unknown}


   Skills:
 + Level 4.3 Fighting
 + Level 3.8 Axes
 + Level 3.9 Armour
 + Level 4.0 Shields


You had 3 spell levels left.
You didn't know any spells.
Your spell library was empty.

Dungeon Overview and Level Annotations

Branches:
Dungeon (3/15)

Altars:


Message History

The orc hits you with a +0 mace.
Unknown command.
You closely miss the orc. You barely miss something. Something hits you.
The orc hits you but does no damage. The orc hits you with a +0 mace.
Something hits you.
Unknown command.
You are too injured to fight recklessly!
Unknown command.
You are too injured to fight recklessly!
Unknown command.
You are too injured to fight recklessly!
You hit the orc.
The orc is almost dead.
You barely miss something. Something hits you but does no damage.
The orc hits you with a +0 mace.
You barely miss the orc.
The orc is almost dead.
You completely miss something.
You hear some strange, mumbled words.
You are confused.
The orc hits you with a +0 mace.
You slash the orc!
You kill the orc!
You barely miss something. Something hits you.
* * * LOW HITPOINT WARNING * * *
Something hits you but does no damage.
You see here a +0 club.
Something hits you.
* * * LOW HITPOINT WARNING * * *
Something hits you but does no damage.
You feel less confused. Something hits you.
* * * LOW HITPOINT WARNING * * *
Items here: ( )) †.
You barely miss something. Something hits you but does no damage.
You hit something but do no damage.
You hear some strange, mumbled words.
A magic dart appears from out of thin air!
The magic dart hits you!
You die...

....# ####.~~~~~~~~ ....#
#.######## ...## #.# ####
#####.### #.......# #+##
#.###.#.# #...## ##
#..##.#.# ##.....## .#
##†#.#.#.# ##.......#
.####.###....###@........
.....## ##.....'{.....[..
.##.## ##..###)........
.###.## ##...# ##.......#
.# ##.###.#### ##.....##
.# ##.#.## #...## .#
##.## #+## ## #.# #.#


There were no monsters in sight!

Vanquished Creatures
  An adder (D:2)
  2 gnolls (D:1)
  A dart slug (D:1)
  4 orcs (D:3)
  7 ball pythons
  5 endoplasms
  A giant cockroach (D:1)
  3 goblins
  2 hobgoblins
  4 kobolds
  3 quokkas
  2 bats
  3 frilled lizards
  7 rats
45 creatures vanquished.

Notes
Turn   | Place    | Note
-------+----------+-------------------------------------------
     0 | D:1      | p00ps00p the Hill Orc Fighter began the quest for the Orb.
     0 | D:1      | Reached XP level 1. HP: 19/19 MP: 1/1
   151 | D:1      | Reached XP level 2. HP: 23/27 MP: 2/2
   470 | D:1      | Reached XP level 3. HP: 23/33 MP: 3/3
  1103 | D:2      | Found a faded altar of an unknown god.
  1360 | D:2      | Reached XP level 4. HP: 40/40 MP: 4/4
  1956 | D:3      | Killed from afar by an orc wizard

Illustrated notes

Levels and vault maps discovered:
D:1:      dpeg_arrival_chambers_temple_mockup, layout_basic,
          hangedman_abyss_or_decor_stabs
D:2:      layout_rooms, hellmonk_ecumenical_altar_leap_of_faith,
          minmay_distorted
D:3:      wander_river, layout_loops_corners, overflow_temple_1_default,
          cheibriados_altar_1

Skill      XL: |  1  2  3  4 |
---------------+-------------+-----
Axes           | 3 |  3.8
Fighting       | 4 |  4.3
Shields        | 4 |  4.0
Armour         | |  3.9

Action                     |  1- 3 |  4- 6 || total
---------------------------+-------+-------++-------
  Melee: War axe           |   104 |    30 ||   134
    Use: Scroll            |     2 |     1 ||     3
 Armour: Scale mail        |    76 |    32 ||   108
  Dodge: Dodged            |    54 |    10 ||    64
  Block: Buckler           |    27 |     6 ||    33

Table legend: (Time is in decaauts)
 A = Elapsed time spent in this place.
 B = Non-inter-level travel time spent in this place.
 C = Inter-level travel time spent in this place.
 D = Time resting spent in this place.
 E = Time spent auto-exploring this place.
 F = Levels seen in this place.
 G = Mean time per level.
                   A        B        C        D        E       F      G
               +--------+--------+--------+--------+--------+-----+--------+
         Total |   2006 |   1979 |     27 |    135 |   1502 |   3 |  668.7 |
       Dungeon |   2006 |   1979 |     27 |    135 |   1502 |   3 |  668.7 |
               +--------+--------+--------+--------+--------+-----+--------+

Top non-repeatable levels by time:
     D:1: 1128 daAuts
     D:2: 465 daAuts
     D:3: 412 daAuts
